 Dungeon Crawl Stone Soup version 0.27.1 (webtiles) character file.

Game seed: 10285171508599704971

380 nxtlvl the Chopper (level 6, -5/51 HPs)
             Began as a Draconian Berserker on Aug 23, 2021.
             Was a Believer of Trog.
             Slain by a wyvern skeleton (7 damage)
             ... on level 5 of the Dungeon.
             The game lasted 00:11:22 (1080 turns).

nxtlvl the Chopper (Draconian Berserker)            Turns: 1080, Time: 00:11:23

Health: -5/51      AC:  8    Str: 18 (20) XL:     6   Next: 46%
Magic:  6/6        EV: 12    Int:  5 (7)  God:    Trog [**....]
Gold:   114        SH:  0    Dex: 11 (12) Spells: 5/5 levels left

rFire    . . .     SeeInvis .   a - +0 hand axe
rCold    . . .     Faith    .   (no shield)
rNeg     . . .     Spirit   .   (armour unavailable)
rPois    .         Reflect  .   (helmet restricted)
rElec    .         Harm     .   d - scarf {+Inv}
rCorr    .         Rampage  .   e - +0 pair of gloves
Will     .....                  c - +0 pair of boots
Stlth    +.........             (no amulet)
HPRegen  0.17/turn              (no ring)
MPRegen  0.10/turn              (no ring)

@: on berserk cooldown, flying, slowed, very slow
A: AC +6, unfitting armour, cold-blooded
a: Renounce Religion, Evoke Invisibility, Berserk, Trog's Hand


You were on level 5 of the Dungeon.
You worshipped Trog.
Trog was pleased with you.
You visited 1 branch of the dungeon, and saw 5 of its levels.

You collected 114 gold pieces.

Inventory:

Hand Weapons
 a - a +0 hand axe (weapon)
Missiles
 j - 46 sling bullets
 l - 8 boomerangs (quivered)
 q - 19 bolts
Armour
 c - a +0 pair of boots (worn)
 d - a scarf of invisibility (worn)
 e - a +0 pair of gloves (worn)
Wands
 n - a wand of acid (4)
Scrolls
 f - a scroll of acquirement {unknown}
 h - 2 scrolls of teleportation {unknown}
 k - 3 scrolls of magic mapping {unknown}
 m - a scroll of enchant armour {unknown}
 o - 2 scrolls of identify {unknown}
 p - a scroll of torment {unknown}
 r - a scroll of amnesia {unknown}
Potions
 i - a potion of haste {unknown}


   Skills:
 - Level 3.2 Fighting
 * Level 7.4 Axes
 - Level 2.6 Dodging


You had 5 spell levels left.
You didn't know any spells.
Your spell library was empty.

Dungeon Overview and Level Annotations

Branches:
Dungeon (5/15)             Temple (0/1) D:5

Altars:
Ru
Uskayaw
Wu Jian

Shops:
D:2 (

Annotations:
D:5 JuniperTheExplorer's ghost, novice OpTm


Innate Abilities, Weirdness & Mutations

Your plain brown scales are hard. (AC +6)
You cannot fit into any form of body armour.
You are cold-blooded and may be slowed by cold attacks.


Message History

You are no longer berserk.
You are exhausted.
You feel yourself slow down.
JuniperTheExplorer's ghost hits you but does no damage.
You hit JuniperTheExplorer's ghost.
JuniperTheExplorer's ghost is almost destroyed.
JuniperTheExplorer's ghost hits you. The wyvern skeleton misses you.
You hit JuniperTheExplorer's ghost.
Your tail-slap misses JuniperTheExplorer's ghost.
JuniperTheExplorer's ghost is almost destroyed.
You hit the wyvern skeleton but do no damage.
The wyvern skeleton bites you but does no damage.
JuniperTheExplorer's ghost hits you! The wyvern skeleton closely misses you.
JuniperTheExplorer's ghost hits you but does no damage.
You completely miss JuniperTheExplorer's ghost.
JuniperTheExplorer's ghost is almost destroyed.
You barely miss the wyvern skeleton. The wyvern skeleton barely misses you.
JuniperTheExplorer's ghost barely misses you.
The wyvern skeleton bites you!
* * * LOW HITPOINT WARNING * * *
You closely miss JuniperTheExplorer's ghost.
JuniperTheExplorer's ghost is almost destroyed.
You hit the wyvern skeleton. The wyvern skeleton barely misses you.
JuniperTheExplorer's ghost hits you but does no damage.
You closely miss JuniperTheExplorer's ghost.
JuniperTheExplorer's ghost is almost destroyed.
You hit the wyvern skeleton. The wyvern skeleton closely misses you.
JuniperTheExplorer's ghost completely misses you.
The wyvern skeleton bites you.
* * * LOW HITPOINT WARNING * * *
JuniperTheExplorer's ghost hits you but does no damage.
It was a potion of degeneration.
There was something very wrong with that liquid.
You feel weakened.
You feel dopey.
You feel clumsy.
The wyvern skeleton bites you but does no damage.
The wyvern skeleton barely misses you. JuniperTheExplorer's ghost misses you.
It was a potion of flight.
You feel very buoyant.
You fly up into the air.
The wyvern skeleton bites you!
You die...

#########.......##
#..#. #.........#
#.#.#
#.........###..#.
#.........##....#
#......<..##.....
#.........##.#.##
#............#...
##Z.........###.##
#@W...............
###'''###.......##
#.).....#......##
##.....##......#
#.......#........
##..($.##.....##..
#..#.#..#.....# ##
###############


You could see JuniperTheExplorer's ghost and a wyvern skeleton.

Vanquished Creatures
  An ogre (D:5)
  A bullfrog zombie (D:5)
  A hound (D:4)
  A gnoll shaman (D:4)
  Natasha (D:3)
  An orc wizard (D:5)
  2 killer bee zombies (D:5)
  A hound skeleton (D:5)
  5 gnolls (D:4)
  An adder (D:5)
  A worm (D:5)
  6 orcs
  2 endoplasms
  2 giant cockroaches
  4 goblins
  3 hobgoblins
  6 kobolds
  2 quokkas (D:3)
  4 ball pythons
  A bat (D:3)
  2 frilled lizards
  A rat (D:1)
49 creatures vanquished.

Notes
Turn   | Place    | Note
-------+----------+-------------------------------------------
     0 | D:1      | nxtlvl the Draconian Berserker began the quest for the Orb.
     0 | D:1      | Reached XP level 1. HP: 19/19 MP: 1/1
   245 | D:1      | Found a faded altar of an unknown god.
   335 | D:2      | Found Leijulog's Antique Weapon Emporium.
   351 | D:3      | Reached XP level 2. HP: 22/26 MP: 2/2
   453 | D:3      | Noticed Natasha
   459 | D:3      | Killed Natasha
   460 | D:3      | Reached skill level 4 in Axes
   460 | D:3      | Reached XP level 3. HP: 31/31 MP: 3/3
   588 | D:4      | Noticed a +0 spear
   588 | D:4      | Noticed a +0 falchion
   588 | D:4      | Noticed a +0 short sword
   588 | D:4      | Noticed a +0 short sword
   588 | D:4      | Noticed a +0 spear
   588 | D:4      | Noticed a +0 falchion
   588 | D:4      | Noticed a +0 dagger
   588 | D:4      | Noticed a +0 dagger
   589 | D:4      | Found a hide-covered altar of Uskayaw.
   623 | D:4      | Reached ** piety under Trog
   624 | D:4      | Reached skill level 5 in Axes
   624 | D:4      | Reached XP level 4. HP: 37/38 MP: 4/4
   772 | D:4      | Reached XP level 5. HP: 23/45 MP: 5/5
   778 | D:4      | Found a sacrificial altar of Ru.
   817 | D:4      | Reached skill level 6 in Axes
   911 | D:5      | Entered Level 5 of the Dungeon
   911 | D:5      | Found a runed translucent gate.
   911 | D:5      | Found a runed translucent gate.
   911 | D:5      | Found a runed translucent gate.
   914 | D:5      | Noticed JuniperTheExplorer's ghost (novice OpTm)
   920 | D:5      | Found a staircase to the Ecumenical Temple.
   957 | D:5      | Found an ornate altar of the Wu Jian Council.
   958 | D:5      | Noticed an ogre
   980 | D:5      | Killed an ogre
   986 | D:5      | Reached XP level 6. HP: 51/51 MP: 6/6
  1051 | D:5      | Reached skill level 7 in Axes
  1078 | D:5      | HP: 1/51 [wyvern skeleton (6)]
  1080 | D:5      | Slain by a wyvern skeleton

Illustrated notes

Levels and vault maps discovered:
D:1:      matt_arrival_refuge, layout_loops_ring,
          shapermc_ecumenical_altar_mp_highgroup
D:2:      layout_basic, serial_shops, nicolae_shop_trees
D:3:      layout_basic, uniq_natasha, uniq_jessica
D:4:      layout_loops_corners, nicolae_uskayaw_en_pointe,
          mainiacjoe_overflow_six_doors_small
D:5:      layout_rooms, okawaru_ov_weapons_minmay, lemuel_round_altar,
          mainiacjoe_overflow_small_starburst,
          nemelex_xobeh_ov_fountains_minmay, mainiacjoe_overflow_paths,
          minmay_temple_entry_grid, gammafunk_ghost_necromancy, serial_rivers,
          chequers_serial_rivers_room_a, chequers_serial_rivers_small_a,
          chequers_serial_rivers_room_a, chequers_serial_rivers_large_a,
          grunt_decor_resistance

Skill      XL: |  1  2  3  4  5  6 |
---------------+-------------------+-----
Axes           | 4 5 6 7 |  7.4
Fighting       | |  3.2
Dodging        | |  2.6

Action                   |  1- 3 |  4- 6 || total
-------------------------+-------+-------++-------
Melee: Hand axe          |    70 |    80 ||   150
       Tailslap          |    10 |    10 ||    20
Throw: Boomerang         |       |     5 ||     5
Invok: Berserk           |     2 |     3 ||     5
  Use: Potion            |       |     2 ||     2
Armor: Skin              |    26 |    34 ||    60
Dodge: Dodged            |    41 |    72 ||   113
